 Dungeon Crawl Stone Soup version 0.30-b1-2-g02819fbbbe (webtiles) character file.

Game seed: 1179123485953629059

4352 rengeveta the Carver (level 10, 0/76 HPs)
             Began as a Demonspawn Fighter on Sept 21, 2023.
             Was a High Priest of Okawaru.
             Slain by a brown ugly thing (10 damage)
             ... on level 12 of the Dungeon.
             The game lasted 00:39:58 (5539 turns).

rengeveta the Carver (Demonspawn Fighter)           Turns: 5539, Time: 00:39:58

Health: 0/76       AC:  4    Str: 18    XL:     10   Next: 12%
Magic:  10/10      EV: 12    Int: 10    God:    Okawaru [*****.]
Gold:   233        SH:  0    Dex: 15    Spells: 6/9 levels left

rFire   + + .        F - +6 great sword
rCold   x . .        (shield currently unavailable)
rNeg    . . .        d - +3 ring mail {rF+}
rPois   .            (helmet unavailable)
rElec   .            y - +0 cloak
rCorr   .            (no gloves)
SInv    +            h - +0 pair of boots
Will    .....        E - amulet of faith
Stlth   +            k - ring of flight
HPRegen 0.32/turn    i - ring of fire
MPRegen 0.12/turn

%: faith
@: corroded, flying
A: antennae 3, foul stench 1, spiny 1, sharp scales 1
a: Renounce Religion, Heroism, Finesse, Duel


You were on level 12 of the Dungeon.
You worshipped Okawaru.
Okawaru was extremely pleased with you.
You visited 2 branches of the dungeon, and saw 11 of its levels.

You collected 233 gold pieces.

Inventory:

Hand Weapons
 a - a +1 long sword
 j - a +0 vampiric rapier
 p - a +2 dagger of flaming
 F - a +6 great sword (weapon)
Armour
 b - a +1 scale mail
 c - a +0 buckler
 d - a +3 ring mail of fire resistance (worn)
 h - a +0 pair of boots (worn)
 y - a +0 cloak (worn)
Jewellery
 i - a ring of fire (right hand)
 k - a ring of flight (left hand)
 E - an amulet of faith (around neck)
 H - an amulet of the acrobat
Wands
 n - a wand of quicksilver (22)
 x - a wand of flame (22)
Scrolls
 e - 4 scrolls of identify
 g - a scroll of brand weapon {unknown}
 m - 2 scrolls of magic mapping
 u - a scroll of teleportation
 A - a scroll of amnesia
 B - a scroll of blinking {unknown}
 C - a scroll of butterflies {unknown}
 G - a scroll of fear {unknown}
Potions
 f - a potion of invisibility
 o - 3 potions of curing
 q - a potion of lignification {unknown}
 t - a potion of degeneration {unknown}
 z - 2 potions of flight {unknown}
 D - 2 potions of cancellation {unknown}
 I - 2 potions of attraction {unknown}


   Skills:
 + Level 6.0 Fighting
 + Level 3.5(6.5) Short Blades
 + Level 8.6(9.0) Long Blades
 + Level 6.1 Armour
 + Level 4.4 Dodging
 + Level 1.5 Stealth
 + Level 5.1 Shields


You had 6 spell levels left.
You knew the following spells:

 Your Spells              Type           Power      Damage    Failure   Level
a - Call Canine Familiar  Summ           0%         N/A       88%         3

Your spell library contained the following spells:

 Spells                   Type           Power      Damage    Failure   Level
 Sandblast                Erth           0%         2d4       54%         1
 Cigotuvi's Dreadful Rot  Necr/Pois/Air  0%         N/A       67%         2
 Passwall                 Tmut/Erth      0%         N/A       67%         2
 Ignite Poison            Fire/Tmut/Pois 0%         N/A       88%         3
 Portal Projectile        Hex/Tloc       0%         N/A       88%         3
 Stone Arrow              Conj/Erth      0%         3d7       88%         3
 Leda's Liquefaction      Hex/Erth       0%         N/A       99%         4
 Blade Hands              Tmut           0%         N/A       100%        5
 Freezing Cloud           Conj/Ice/Air   0%         6-21      100%        5
 Summon Small Mammal      Summ           Unusable   N/A       N/A         1
 Summon Guardian Golem    Hex/Summ       Unusable   N/A       N/A         3
 Tukima's Dance           Hex            Unusable   N/A       N/A         3

Dungeon Overview and Level Annotations

Branches:
Dungeon (12/15)            Temple (1/1) D:4
   Lair: D:8-11         Orc: D:9-12

Altars:
Ashenzari
Cheibriados
Dithmenos
Fedhas
Hepliaklqana
Makhleb
Nemelex Xobeh
Okawaru
Qazlal
Ru
Sif Muna
Trog
Uskayaw
Vehumet
Wu Jian
Xom
Yredelemnul


Innate Abilities, Weirdness & Mutations

You have a pair of large antennae on your head. (SInv)
You may rarely emit foul miasma when damaged in melee.
You are partially covered in sharp spines.
You are partially covered in razor-sharp scales. (AC +1, Slay +1)


Message History

The brown ugly thing misses you.
You closely miss the brown ugly thing.
The brown ugly thing is lightly wounded.
The unseen horror is struck by your spines.
The unseen horror barely misses you. The brown ugly thing stings you.
The acid corrodes you!
You are splashed with acid!
The brown ugly thing stings you.
You are splashed with acid.
You emit a cloud of foul miasma!
You barely miss the unseen horror.
The unseen horror is moderately wounded.
The unseen horror hits you!
The unseen horror is struck by your spines.
The unseen horror completely misses you.
The brown ugly thing is engulfed in dark miasma.
The brown ugly thing is poisoned.
The brown ugly thing stings you. The acid corrodes you!
You are splashed with acid!
You hit the brown ugly thing but do no damage.
The brown ugly thing is moderately wounded.
The unseen horror barely misses you.
The brown ugly thing is engulfed in dark miasma.
The brown ugly thing looks even sicker.
The brown ugly thing stings you!
* * * LOW HITPOINT WARNING * * *
You are splashed with acid!
* * * LOW HITPOINT WARNING * * *
You feel much better. The unseen horror hits you.
The brown ugly thing is engulfed in dark miasma.
The brown ugly thing looks even sicker.
The brown ugly thing stings you.
* * * LOW HITPOINT WARNING * * *
You are splashed with acid!
* * * LOW HITPOINT WARNING * * *
You slash the brown ugly thing!
The brown ugly thing is severely wounded.
The unseen horror is struck by your spines.
The unseen horror closely misses you.
The brown ugly thing is engulfed in dark miasma.
The brown ugly thing looks as sick as possible!
The brown ugly thing seems to slow down.
The brown ugly thing is struck by your spines.
The brown ugly thing stings you!
You die...

#... ...##
+.8.#
##.8...
#.... #....#
#...###...#
#....#....#
#.......#
#.<.8x>.#
#..@....##
#..u.#....#
#...###...##
#.... #....#
...8.#
##.8.+
..#..! #...#
# ##.# ##+##
..


You could see a brown ugly thing (extremely poisoned, slow) and an unseen horror
(invisible).

Vanquished Creatures
  Erolcha (D:8)
  4 yaks (D:9)
  A wyvern (D:8)
  Eustachio (D:6)
  A steam dragon (D:7)
  A water moccasin (D:5)
  Duvessa (D:5)
  2 ice beasts
  2 sky beasts (D:7)
  2 black bears
  An ogre (D:6)
  A centaur (D:9)
  2 phantoms
  Blork the orc (D:6)
  2 bullfrogs
  2 scorpions
  7 wights
  Dowan (D:5)
  A howler monkey (D:7)
  7 hounds
  2 jellies (D:5)
  4 orc priests
  2 iguanas (D:6)
  A sleepcap (D:6)
  Ijyb (D:4)
  11 orc wizards
  4 adders
  2 shadow imps
  A white imp (D:6)
  4 dart slugs
  16 orcs
  2 endoplasms
  4 giant cockroaches
  6 goblins
  7 hobgoblins
  4 jackals (D:5)
  A quokka (D:1)
  5 ball pythons
  A bat (D:2)
  4 frilled lizards
  5 kobolds
  A rat (D:2)
129 creatures vanquished.

Vanquished Creatures (others)
  An orc wizard (D:5)
  An endoplasm (D:4)
  11 plants (D:5)
13 creatures vanquished.

Grand Total: 142 creatures vanquished

Notes
Turn   | Place    | Note
-------+----------+-------------------------------------------
     0 | D:1      | rengeveta the Demonspawn Fighter began the quest for the
                  | Orb.
     0 | D:1      | Reached XP level 1. HP: 18/18 MP: 1/1
   165 | D:1      | Gained mutation: You may rarely emit foul miasma when
                  | damaged in melee. [demonic ancestry]
   165 | D:1      | Reached XP level 2. HP: 17/24 MP: 2/2
   382 | D:1      | Reached skill level 2 in Long Blades
   431 | D:1      | You are sucked into a shaft and drop 1 floor!
   579 | D:2      | Noticed a scorpion
   585 | D:2      | Killed a scorpion
   586 | D:2      | Reached skill level 1 in Dodging
   586 | D:2      | Gained mutation: You are partially covered in sharp spines.
                  | [demonic ancestry]
   586 | D:2      | Reached XP level 3. HP: 26/29 MP: 3/3
   586 | D:2      | Gained mutation: You have a pair of small antennae on your
                  | head. [demonic ancestry]
   586 | D:2      | Reached XP level 4. HP: 32/35 MP: 4/4
   627 | D:2      | Learned a level 3 spell: Call Canine Familiar
  1175 | D:3      | Reached skill level 3 in Long Blades
  1219 | D:4      | Noticed Ijyb
  1227 | D:4      | Killed Ijyb
  1228 | D:4      | Reached XP level 5. HP: 17/41 MP: 5/5
  1235 | D:4      | Found an iron altar of Okawaru.
  1255 | D:4      | Became a worshipper of Warmaster Okawaru
  1300 | D:4      | Noticed a black bear
  1306 | D:4      | Killed a black bear
  1449 | D:4      | Noticed an ice beast
  1465 | D:4      | Killed an ice beast
  1466 | D:4      | Reached skill level 4 in Long Blades
  1466 | D:4      | Gained mutation: You have a pair of antennae on your head.
                  | [demonic ancestry]
  1466 | D:4      | Reached XP level 6. HP: 10/48 MP: 6/6
  1936 | D:4      | Found a staircase to the Ecumenical Temple.
  1945 | Temple   | Entered the Ecumenical Temple
  2334 | D:5      | Entered Level 5 of the Dungeon
  2368 | D:5      | Noticed a water moccasin
  2373 | D:5      | Killed a water moccasin
  2374 | D:5      | Gained mutation: You have a pair of large antennae on your
                  | head. (SInv) [demonic ancestry]
  2374 | D:5      | Reached XP level 7. HP: 47/53 MP: 7/7
  2378 | D:5      | Reached * piety under Okawaru
  2389 | D:5      | Reached skill level 5 in Long Blades
  2448 | D:5      | HP: 2/54 [orc priest/divine providence (17)]
  2680 | D:5      | Found a shimmering blue altar of Sif Muna.
  2713 | D:5      | Reached skill level 1 in Stealth
  2879 | D:5      | Noticed Dowan
  2880 | D:5      | Noticed Duvessa
  2893 | D:5      | Killed Duvessa
  2899 | D:5      | Killed Dowan
  3173 | D:6      | Reached skill level 6 in Long Blades
  3173 | D:6      | Reached XP level 8. HP: 35/61 MP: 8/8
  3274 | D:6      | Reached ** piety under Okawaru
  3330 | D:6      | Reached skill level 1 in Short Blades
  3366 | D:6      | HP: 2/61 [iguana (11)]
  3454 | D:6      | Noticed Blork the orc
  3464 | D:6      | Killed Blork the orc
  3770 | D:6      | Reached skill level 5 in Fighting
  3978 | D:6      | Reached *** piety under Okawaru
  4021 | D:6      | Noticed Eustachio
  4051 | D:6      | Killed Eustachio
  4052 | D:6      | Reached skill level 5 in Armour
  4052 | D:6      | Gained mutation: You are partially covered in razor-sharp
                  | scales. (AC +1, Slay +1) [demonic ancestry]
  4052 | D:6      | Reached XP level 9. HP: 26/68 MP: 9/9
  4343 | D:7      | Reached skill level 7 in Long Blades
  4345 | D:7      | Found an ornate altar of the Wu Jian Council.
  4654 | D:8      | Received a gift from Okawaru
  5113 | D:9      | Noticed Erolcha
  5126 | D:8      | Killed Erolcha
  5126 | D:8      | Reached **** piety under Okawaru
  5127 | D:8      | Reached skill level 8 in Long Blades
  5127 | D:8      | Reached skill level 5 in Shields
  5363 | D:9      | Reached XP level 10. HP: 55/76 MP: 10/10
  5366 | D:9      | Reached ***** piety under Okawaru
  5526 | D:9      | You are sucked into a shaft and drop 3 floors!
  5531 | D:12     | Noticed a brown ugly thing
  5539 | D:12     | Slain by a brown ugly thing

Illustrated notes

Levels and vault maps discovered:
D:1:      reono_arrival_mine, layout_basic
D:2:      layout_basic, shapermc_ecumenical_altar_hornbeckon
D:3:      layout_loops_ring
D:4:      layout_basic, okawaru_trees_1, minmay_temple_entry_wispy,
          minmay_surrounded, uniq_ijyb
D:5:      layout_cave_pods, mainiacjoe_overflow_catwalk, serial_glass,
          glass_columns_c, glass_columns_a, glass_columns_a, glass_columns_b,
          glass_columns_a, due_unseen_surprise, feat_on_display,
          feat_on_display, feat_on_display, serial_shops, kennysheep_mini_moat,
          hangedman_abyss_or_decor_passed, serial_bayou_lagoon_b, uniq_duvessa
D:6:      layout_gridville, uniq_eustachio, uniq_blork_the_orc, uniq_menkaure
D:7:      layout_cave_pools, mainiacjoe_overflow_small_starburst,
          nzn_wu_jian_contemplation, serial_park_tiny_2
D:8:      layout_gridville
D:9:      cheibrodos_histonic, layout_cave_pools, serial_shops, shop,
          uniq_erolcha
D:12:     layout_cave_pods, serial_shops, nicolae_shop_just_a_little_nook, shop,
          minivault_1, grunt_ministairs_13, nicolae_shop_i_like_big_books
Temple:   regret_index_temple_sphere_string

Skill      XL: |  1  2  3  4  5  6  7  8  9 10 |
---------------+-------------------------------+-----
Long Blades    | 2 3 4 6 8 |  8.6
Armour         | 3 4 5 6 |  6.1
Dodging        | 1 2 3 4 |  4.4
Shields        | 3 4 5 |  5.1
Fighting       | 4 5 6 |  6.0
Stealth        | 1 |  1.5
Short Blades   | 3 |  3.5

Action                     |  1- 3 |  4- 6 |  7- 9 | 10-12 || total
---------------------------+-------+-------+-------+-------++-------
  Melee: Long sword        |    49 |    83 |    97 |       ||   229
         Rapier            |       |       |    87 |       ||    87
         Scimitar          |       |       |    81 |       ||    81
         Great sword       |       |       |    32 |    14 ||    46
    Use: Scroll            |       |    10 |     7 |       ||    17
         Potion            |       |     2 |     5 |     2 ||     9
 Armour: Scale mail        |    19 |     6 |       |       ||    25
         Ring mail         |       |    26 |   107 |     6 ||   139
  Dodge: Dodged            |    16 |    35 |   138 |    15 ||   204
  Block: Buckler           |     8 |     9 |    72 |       ||    89
